[Event "ICC tourney 1954 (60 10)"]
[Site "Internet Chess Club"]
[Date "2020.08.07"]
[Round "3"]
[White "NikkiBat"]
[Black "chessrdu20"]
[Result "1/2-1/2"]
[ICCResult "Game drawn because neither player has mating material"]
[WhiteElo "1291"]
[BlackElo "1032"]
[Opening "Queen's pawn game, Chigorin variation"]
[ECO "D02"]
[NIC "QP.08"]
[Time "18:36:56"]
[TimeControl "3600+10"]

1. d4 d5 2. Nf3 Nc6 3. Bf4 Nf6 4. Nbd2 Bf5 5. e3 e6 6. c3 a6 7. Be2 Bd6 8.
Ne5 Ne4 9. Ndf3 f6 10. Nxc6 bxc6 11. Bg3 Nxg3 12. hxg3 c5 13. Nh4 g6 14. g4
g5 15. gxf5 gxh4 16. Bh5+ Ke7 17. fxe6 Kxe6 18. Qg4+ f5 19. Qg7 Qe7 20. Qh6+
Qf6 21. Qxf6+ Kxf6 22. Rxh4 Rhg8 23. g4 Kg5 24. Rh1 fxg4 25. O-O-O Kf6 26.
Rdg1 cxd4 27. cxd4 g3 28. fxg3 Rxg3 29. Rf1+ Kg5 30. Bf7 Rxe3 31. Rh5+ Kg4
32. Rxd5 Bf4 33. Bh5+ Kg3 34. Kd1 Rd3+ 35. Ke2 Rd2+ 36. Ke1 Rxb2 37. Rf3+
Kh2 38. Rxf4 Rb1+ 39. Kd2 Rg8 40. Rf2+ Kg3 41. Rf3+ Kh4 42. Rf4+ Kh3 43. Re5
Rg2+ 44. Ke3 Re1+ 45. Kd3 Ra1 46. Re3+ Kh2 47. Rh4+ Kg1 48. Bf3 Rh2 49. Rxh2
Kxh2 50. Re2+ Kg3 51. Ke3 h6 52. Rg2+ Kh4 53. Rg4+ Kh3 54. Rg6 Kh4 55. Rxh6+
Kg5 56. Rxa6 Kf5 57. Be4+ Kg4 58. d5 Kg5 59. d6 cxd6 60. Rxd6 Rxa2 61. Rg6+
Kh4 62. Kf4 Ra5 63. Rg4+ Kh5 64. Rg8 Kh6 65. Rg6+ Kh5 66. Rg4 Kh6 67. Rh4+
Rh5 68. Rg4 Ra5 69. Bf5 Ra4+ 70. Ke5 Rxg4 71. Bxg4
{Game drawn because neither player has mating material}
1/2-1/2

[Event "ICC tourney 1954 (60 10)"]
[Site "Internet Chess Club"]
[Date "2020.08.07"]
[Round "3"]
[White "nonowho"]
[Black "FishBoy"]
[Result "1-0"]
[ICCResult "Black resigns"]
[WhiteElo "1380"]
[BlackElo "1110"]
[Opening "QGD: 4.Nf3"]
[ECO "D37"]
[NIC "QP.08"]
[Time "18:36:36"]
[TimeControl "3600+10"]

1. d4 d5 2. c4 e6 3. Nf3 Nf6 4. Nc3 Nbd7 5. Bg5 Be7 6. e3 h6 7. Bf4 O-O 8.
Bd3 c5 9. cxd5 Nxd5 10. Nxd5 exd5 11. dxc5 Bxc5 12. O-O Nf6 13. Rc1 Bb6 14.
Qc2 Be6 15. Bf5 Bxf5 16. Qxf5 Rc8 17. Be5 Rxc1 18. Rxc1 Re8 19. Bxf6 Qxf6
20. Qxf6 gxf6 21. Kf1 Kf8 22. a3 Ke7 23. Rc2 Kd7 24. Ke2 Rc8 25. Rxc8 Kxc8
26. Nd4 Bxd4 27. exd4 Kd7 28. Kf3 Kc6 29. a4 Kd6 30. Kg4 Ke6 31. Kh5 Kf5 32.
Kxh6 Ke4 33. Kg7 Kxd4 34. h4 Ke5 35. h5 d4 36. h6 d3 37. h7 d2 38. h8=Q d1=Q
39. Qe8+ Kf4 40. Qe3+ Kf5 41. f3 {Black resigns} 1-0

[Event "ICC tourney 1954 (60 10)"]
[Site "Internet Chess Club"]
[Date "2020.08.07"]
[Round "3"]
[White "falcon2020"]
[Black "Chai2006"]
[Result "0-1"]
[ICCResult "White checkmated"]
[WhiteElo "1173"]
[BlackElo "980"]
[Opening "Queen's pawn"]
[ECO "A40"]
[NIC "QO.17"]
[Time "18:39:24"]
[TimeControl "3600+10"]

1. d4 e6 2. Bf4 d5 3. e3 c5 4. c3 Qb6 5. Qb3 Qxb3 6. axb3 Nc6 7. Nf3 Nf6 8.
Bb5 Bd7 9. Nbd2 a6 10. O-O Be7 11. Rfe1 O-O 12. Bd3 b5 13. c4 Nb4 14. Bb1 h6
15. Bc7 Bd8 16. Bd6 Re8 17. Bxc5 Be7 18. Bxe7 Rxe7 19. Ne5 Be8 20. Nd3 Nxd3
21. Bxd3 Rea7 22. Ra5 Nd7 23. Rea1 Nb8 24. cxb5 f5 25. bxa6 Nc6 26. Rc5 Nb4
27. Bb5 Bxb5 28. Rxb5 Nd3 29. Rb6 Re8 30. Rb7 Rea8 31. Rxa7 Rxa7 32. Nb1
Nxb2 33. Nc3 Nd3 34. Nb5 Ra8 35. a7 Kh7 36. Nc7 Rc8 37. a8=Q Rxc7 38. h3 e5
39. Ra7 Rc1+ 40. Kh2 Nxf2 41. dxe5 Rh1+ 42. Kg3 Ne4+ 43. Kf3 Rf1+ 44. Ke2
Rf2+ 45. Ke1 Rxg2 46. Qxd5 Rg1+ 47. Ke2 Nc3+ 48. Kd3 Nxd5 49. e6 Nb4+ 50.
Kc4 Nc6 51. Rd7 Ne5+ 52. Kd5 Nxd7 53. exd7 g5 54. Ke6 Rd1 55. Kxf5 Rxd7 56.
e4 Kg7 57. e5 Rb7 58. e6 Rxb3 59. Ke5 Rxh3 60. Kd6 Re3 61. Kd7 g4 62. e7 g3
63. e8=Q Rxe8 64. Kxe8 g2 65. Ke7 g1=R 66. Ke6 Rf1 67. Ke5 Kg6 68. Ke4 Kg5
69. Ke3 Kg4 70. Ke2 Rf3 71. Ke1 Kg3 72. Ke2 Kg2 73. Ke1 Rf2 74. Kd1 Kf3 75.
Ke1 Ke3 76. Kd1 Re2 77. Kc1 Rd2 78. Kb1 Kd3 79. Kc1 Kc3 80. Kb1 Rc2 81. Ka1
Kb3 82. Kb1 Rc8 83. Ka1 Rc1# {White checkmated} 0-1

[Event "ICC tourney 1954 (60 10)"]
[Site "Internet Chess Club"]
[Date "2020.08.07"]
[Round "3"]
[White "lukebugbee"]
[Black "JerryZhu"]
[Result "0-1"]
[ICCResult "White checkmated"]
[WhiteElo "873"]
[BlackElo "1169"]
[Opening "Sicilian: dragon variation"]
[ECO "B70"]
[NIC "SI.15"]
[Time "18:36:36"]
[TimeControl "3600+10"]

1. e4 c5 2. Nf3 d6 3. Nc3 Nf6 4. d4 cxd4 5. Nxd4 g6 6. Bg5 Bg7 7. Bc4 O-O 8.
O-O h6 9. Be3 Nc6 10. Nxc6 bxc6 11. Qd2 h5 12. h3 Qc7 13. Bd3 Rb8 14. b3 Bd7
15. Bh6 d5 16. Bxg7 Kxg7 17. Rae1 dxe4 18. Nxe4 Nxe4 19. Bxe4 Rbd8 20. Qc3+
Kh6 21. Re3 c5 22. Rg3 f5 23. Bd5 e6 24. Bc4 f4 25. Rd3 e5 26. f3 g5 27. Re1
Rde8 28. Red1 Re7 29. Rd6+ Kh7 30. Qd3+ Bf5 31. Qd2 e4 32. h4 e3 33. Qe1
Bxc2 34. R1d5 Rf5 35. Rxf5 Bxf5 36. Rd5 Kg6 37. hxg5 Kxg5 38. Bd3 Re5 39.
Rxe5 Qxe5 40. Be2 Qd4 41. a4 Qd2 42. Qa1 Qxe2 43. Qg7+ Kh4 44. Qf6+ Kg3 45.
Qa1 Qxg2# {White checkmated} 0-1

[Event "ICC tourney 1954 (60 10)"]
[Site "Internet Chess Club"]
[Date "2020.08.07"]
[Round "3"]
[White "SukrutN"]
[Black "thegoldenfrog"]
[Result "1-0"]
[ICCResult "Black checkmated"]
[WhiteElo "1156"]
[BlackElo "1217"]
[Opening "two knights defense: Steinitz variation"]
[ECO "C59"]
[NIC "KP.01"]
[Time "18:36:32"]
[TimeControl "3600+10"]

1. e4 e5 2. Nf3 Nc6 3. Bc4 Nf6 4. Ng5 d5 5. exd5 Na5 6. Bb5+ c6 7. dxc6 bxc6
8. Be2 h6 9. Nh3 Qd5 10. O-O g5 11. Nc3 Qd4 12. Kh1 Bb4 13. Ng1 Ng4 14. Bxg4
Bxg4 15. f3 Bh5 16. Nge2 Qb6 17. Ng3 Bg6 18. d3 O-O 19. a3 Bd6 20. b4 Nb7
21. Re1 Qd4 22. Bd2 Qh4 23. Nce4 Bc7 24. Bc3 f5 25. Nd2 e4 26. dxe4 Bxg3 27.
Nf1 Bxe1 28. Bxe1 Qf4 29. Bg3 Rad8 30. Qe2 fxe4 31. Bxf4 Rxf4 32. Qc4+ Kg7
33. Qxc6 Nd6 34. Qc7+ Nf7 35. Qc3+ Kh7 36. fxe4 Bxe4 37. Ng3 Bg6 38. Rc1
Rfd4 39. h3 R8d7 40. Ne2 Rd2 41. Ng3 h5 42. Rf1 Nh6 43. Qf3 Re7 44. Qf6 Rf7
45. Qxg5 Rxf1+ 46. Nxf1 Re2 47. Qa5 Be4 48. Qxa7+ Kg6 49. Qa6+ Kf5 50. Qxe2
Kf4 51. Qe3+ Ke5 52. Ng3 Ng4 53. Qxe4+ Kf6 54. hxg4 hxg4 55. Qxg4 Ke5 56.
Qc4 Kd6 57. Qc5+ Kd7 58. Qb6 Ke7 59. Qc6 Kf7 60. Qd6 Kg7 61. Qe6 Kh7 62. b5
Kg7 63. b6 Kh8 64. b7 Kg7 65. Qf7+ Kxf7 66. b8=Q Ke6 67. a4 Kf6 68. Qb5 Ke6
69. a5 Kd6 70. a6 Kc7 71. a7 Kd6 72. a8=Q Ke6 73. Qad5+ Ke7 74. Qbb7+ Kf6
75. Qbc6+ Ke7 76. Qdd7+ Kf8 77. Qcc8# {Black checkmated} 1-0

[Event "ICC tourney 1954 (60 10)"]
[Site "Internet Chess Club"]
[Date "2020.08.07"]
[Round "3"]
[White "Saturn015"]
[Black "Rishid7"]
[Result "1-0"]
[ICCResult "Black resigns"]
[WhiteElo "1337"]
[BlackElo "873"]
[Opening "Queen's pawn, Mason variation"]
[ECO "D00"]
[NIC "QP.08"]
[Time "18:35:54"]
[TimeControl "3600+10"]

1. d4 d5 2. Bf4 Bf5 3. e3 e6 4. c4 Nf6 5. Nc3 h6 6. Qb3 b6 7. Nb5 Bd6 8.
Nxd6+ cxd6 9. Qb5+ Ke7 10. Nf3 Qe8 11. Qb4 Ne4 12. Rc1 Nc6 13. Qb5 Qd7 14.
cxd5 Nd8 15. Qxd7+ Kxd7 16. Bb5+ Ke7 17. Rc7+ Kf6 18. dxe6 Nxe6 19. Rc1 Nxf4
20. exf4 Rac8 21. O-O Be6 22. b3 Nc3 23. Ba6 Rc7 24. Rc2 Bf5 25. Rb2 Re8 26.
Re1 Rxe1+ 27. Nxe1 Re7 28. Nf3 Bg4 29. Rc2 Nd5 30. Rc6 Re6 31. Bc8 Bxf3 32.
Bxe6 Kxe6 33. gxf3 Nxf4 34. Rc7 a5 35. Rb7 Ne2+ 36. Kg2 Nxd4 37. Rxb6 g5 38.
Ra6 f5 39. Rxa5 f4 40. Ra4 Ke5 41. Rc4 d5 42. Rc1 Nf5 43. a4 d4 44. a5 Nd6
45. a6 Nb5 46. Rc5+ {Black resigns} 1-0

[Event "ICC tourney 1954 (60 10)"]
[Site "Internet Chess Club"]
[Date "2020.08.07"]
[Round "3"]
[White "sujay2010"]
[Black "GreSci"]
[Result "0-1"]
[ICCResult "White checkmated"]
[WhiteElo "1386"]
[BlackElo "1234"]
[Opening "Queen's pawn: London system"]
[ECO "A45"]
[NIC "QP.07"]
[Time "18:36:22"]
[TimeControl "3600+10"]

1. d4 Nf6 2. Bf4 d5 3. e3 e6 4. Bd3 Bd6 5. Bxd6 cxd6 6. Nd2 Nc6 7. a3 e5 8.
dxe5 dxe5 9. e4 Be6 10. Ngf3 Qb6 11. b3 h6 12. O-O O-O-O 13. a4 dxe4 14. a5
Qc7 15. Nxe4 Nxe4 16. Qe1 Ng5 17. Nd2 f5 18. Qb1 e4 19. Be2 Rxd2 20. Bd1 Nd4
21. Qc1 Rxd1 22. Qxd1 Ndf3+ 23. gxf3 Nxf3+ 24. Kg2 Qxh2# {White checkmated}
0-1

[Event "ICC tourney 1954 (60 10)"]
[Site "Internet Chess Club"]
[Date "2020.08.07"]
[Round "3"]
[White "Metaworldchess"]
[Black "Austin513"]
[Result "0-1"]
[ICCResult "White resigns"]
[WhiteElo "1327"]
[BlackElo "1170"]
[Opening "Sicilian: accelerated fianchetto, modern variation"]
[ECO "B34"]
[NIC "SI.31"]
[Time "18:36:35"]
[TimeControl "3600+10"]

1. e4 c5 2. Nf3 Nc6 3. Nc3 g6 4. d4 cxd4 5. Nxd4 Bg7 6. Be3 e6 7. Ndb5 Kf8
8. Be2 Nf6 9. Nd6 Ne8 10. Bc5 Bxc3+ 11. bxc3 Nxd6 12. Bxd6+ Kg7 13. O-O Re8
14. e5 b6 15. Qd2 Bb7 16. Qf4 Rc8 17. Ba3 f6 18. Bf3 fxe5 19. Qe3 Qc7 20.
Bc1 d5 21. Qh6+ Kg8 22. Be2 e4 23. f3 Ne5 24. fxe4 Qxc3 25. Bg5 Nf7 26. Rxf7
Qxa1+ 27. Rf1 Qd4+ 28. Be3 Qg7 29. Qh4 Rxc2 30. exd5 Rxe2 31. Bh6 Bxd5 32.
Rf4 Qa1+ {White resigns} 0-1

[Event "ICC tourney 1954 (60 10)"]
[Site "Internet Chess Club"]
[Date "2020.08.07"]
[Round "3"]
[White "Yeetamus123"]
[Black "MathWizKidA"]
[Result "1-0"]
[ICCResult "Black checkmated"]
[WhiteElo "1098"]
[BlackElo "1244"]
[Opening "Sicilian: Anderssen variation"]
[ECO "B41"]
[NIC "SI.41"]
[Time "18:36:36"]
[TimeControl "3600+10"]

1. e4 c5 2. Nf3 e6 3. d4 cxd4 4. Nxd4 Nf6 5. Nc3 Nc6 6. Be3 Bb4 7. f3 d5 8.
Bg5 dxe4 9. Nxc6 Qxd1+ 10. Rxd1 bxc6 11. fxe4 Bd7 12. Bd3 e5 13. h3 h6 14.
Bh4 c5 15. O-O Nh5 16. Nd5 Ba5 17. Bc4 Be6 18. Bb5+ Kf8 19. Bc6 Rc8 20. Ne7
Rb8 21. Rd6 Bc4 22. Ng6+ Kg8 23. Nxh8 Bxf1 24. Nxf7 Kxf7 25. Kxf1 Rxb2 26.
c3 Bxc3 27. Bd5+ Kf8 28. Rd8# {Black checkmated} 1-0

[Event "ICC tourney 1954 (60 10)"]
[Site "Internet Chess Club"]
[Date "2020.08.07"]
[Round "3"]
[White "thihansa"]
[Black "Cgchess"]
[Result "1/2-1/2"]
[ICCResult "Game drawn by mutual agreement"]
[WhiteElo "1138"]
[BlackElo "1352"]
[Opening "French: advance, Paulsen attack"]
[ECO "C02"]
[NIC "FR.03"]
[Time "18:35:47"]
[TimeControl "3600+10"]

1. e4 e6 2. d4 d5 3. e5 c5 4. c3 Nc6 5. Nf3 Qb6 6. Be2 Nge7 7. Na3 Nf5 8.
Nc2 cxd4 9. cxd4 Nb4 10. Ne3 Nxe3 11. Bxe3 Bd7 12. a3 Nc6 13. Rb1 Be7 14.
O-O O-O 15. Qd2 Rac8 16. b4 Qd8 17. Rbc1 a6 18. Qb2 b5 19. Bd3 f6 20. Kh1 f5
21. Qd2 h6 22. Qe2 Be8 23. Rc2 Bh5 24. Rfc1 f4 25. Bd2 Qd7 26. Bc3 Bg4 27.
h3 Bh5 28. Bb2 Qb7 29. Qd1 Bxf3 30. Qxf3 Bd8 31. Qd1 Bb6 32. Be2 Bd8 33. Kg1
Bg5 34. Bf3 {Game drawn by mutual agreement} 1/2-1/2

[Event "ICC tourney 1954 (60 10)"]
[Site "Internet Chess Club"]
[Date "2020.08.07"]
[Round "3"]
[White "nbhate"]
[Black "guyd52"]
[Result "1-0"]
[ICCResult "Black resigns"]
[WhiteElo "1277"]
[BlackElo "978"]
[Opening "English opening"]
[ECO "A10"]
[NIC "EO.64"]
[Time "18:35:57"]
[TimeControl "3600+10"]

1. c4 d6 2. Nc3 g6 3. g3 Bg7 4. Bg2 Nf6 5. e3 O-O 6. h3 Nbd7 7. Nge2 e5 8.
d4 c6 9. O-O Re8 10. Re1 e4 11. Qc2 d5 12. c5 Nf8 13. b4 a6 14. a3 Be6 15.
Nf4 b5 16. Bb2 Bf5 17. Red1 Qd7 18. Kh2 Ne6 19. Nxe6 Qxe6 20. g4 Nxg4+ 21.
hxg4 Bxg4 22. Re1 Qf6 23. Kg1 Qg5 24. Kf1 Re6 25. Reb1 h5 26. Ke1 h4 27. Kd2
Rf6 28. Rf1 h3 29. Bh1 Qh4 30. Ke1 Bh6 31. Bc1 Kg7 32. a4 h2 33. axb5 cxb5
34. Nxd5 Rf3 35. Qxe4 Rf5 36. Ne7 Ra7 37. Nxf5+ gxf5 38. Qe5+ f6 39. Qg3 Qh5
40. Bf3 Re7 41. Bxg4 fxg4 42. Rh1 f5 43. Qxh2 {Black resigns} 1-0

[Event "ICC tourney 1954 (60 10)"]
[Site "Internet Chess Club"]
[Date "2020.08.07"]
[Round "3"]
[White "dtoledo"]
[Black "Alec-hine"]
[Result "0-1"]
[ICCResult "White resigns"]
[WhiteElo "1092"]
[BlackElo "1392"]
[Opening "Grünfeld: Stockholm variation"]
[ECO "D80"]
[NIC "GI.03"]
[Time "18:36:16"]
[TimeControl "3600+10"]

1. d4 Nf6 2. c4 g6 3. Nc3 d5 4. Bg5 Ne4 5. Nxe4 dxe4 6. e3 c5 7. Ne2 Bg7 8.
g3 h6 9. Bf4 g5 10. Bxb8 Rxb8 11. Bg2 Qa5+ 12. Qd2 Qxd2+ 13. Kxd2 f5 14.
Rab1 b5 15. b3 Ba6 16. g4 e6 17. gxf5 exf5 18. d5 bxc4 19. bxc4 Kf7 20. Rhc1
Rxb1 21. Rxb1 Bxc4 22. Rb7+ Kg6 23. Rxa7 Rd8 24. h4 Rxd5+ 25. Ke1 Bxe2 26.
Kxe2 gxh4 27. Ra4 Bc3 28. f3 Rd2+ 29. Kf1 exf3 30. Bxf3 h3 31. Rh4 h2 32.
Be2 Be5 33. a4 c4 34. Bf3 Bg3 35. Rxc4 Rf2+ 36. Ke1 Rxf3+ 37. Ke2 h1=Q 38.
Rc6+ Kg5 {White resigns} 0-1

[Event "ICC tourney 1954 (60 10)"]
[Site "Internet Chess Club"]
[Date "2020.08.07"]
[Round "3"]
[White "BabyCheeks25"]
[Black "EdwardTarte"]
[Result "1/2-1/2"]
[ICCResult "White stalemated"]
[WhiteElo "934"]
[BlackElo "1191"]
[Opening "Modern defense"]
[ECO "A40"]
[NIC "QO.17"]
[Time "18:35:57"]
[TimeControl "3600+10"]

1. d4 g6 2. Nf3 Bg7 3. e3 b6 4. Bd3 Bb7 5. Nbd2 e6 6. c3 Ne7 7. Qc2 d6 8. e4
Nd7 9. Nc4 O-O 10. O-O e5 11. d5 Nc5 12. b4 Nxd3 13. Qxd3 Qd7 14. Qe2 Rac8
15. a4 Rfe8 16. Re1 Kh8 17. Be3 Ng8 18. Nb2 Nf6 19. a5 Nxe4 20. Qd3 Nf6 21.
Nd2 e4 22. Qc2 Bxd5 23. c4 Bb7 24. a6 Ba8 25. b5 Ng4 26. h3 Nxe3 27. Rxe3
Bxb2 28. Qxb2+ Kg8 29. Rae1 f5 30. R1e2 Qg7 31. Qxg7+ Kxg7 32. f3 Kf7 33.
fxe4 Bxe4 34. Nxe4 fxe4 35. Rxe4 Rxe4 36. Rxe4 Re8 37. Rxe8 Kxe8 38. Kf2 Ke7
39. Ke3 Ke6 40. Ke4 h6 41. h4 g5 42. hxg5 hxg5 43. g4 d5+ 44. cxd5+ Kd6 45.
Kd4 Ke7 46. Ke5 Kf7 47. d6 cxd6+ 48. Kxd6 Kf6 49. Kc7 Ke7 50. Kb7 Kd7 51.
Kb8 Kd8 52. Kxa7 Kc7 53. Ka8 Kc8 54. Ka7 Kc7 55. Ka8 Kc8 56. a7 Kc7
{White stalemated}
1/2-1/2

[Event "ICC tourney 1954 (60 10)"]
[Site "Internet Chess Club"]
[Date "2020.08.07"]
[Round "3"]
[White "mihirppatil04"]
[Black "neelansh2489"]
[Result "1-0"]
[ICCResult "Black checkmated"]
[WhiteElo "1296"]
[BlackElo "1100"]
[Opening "Queen's pawn, Mason variation"]
[ECO "D00"]
[NIC "QP.08"]
[Time "18:35:52"]
[TimeControl "3600+10"]

1. d4 d5 2. Bf4 Nf6 3. e3 Bf5 4. Bd3 Bg6 5. Nf3 Nc6 6. c3 e6 7. Qc2 Bxd3 8.
Qxd3 Ne4 9. Nbd2 Nxd2 10. Nxd2 Bd6 11. Bg3 Qe7 12. O-O-O O-O-O 13. e4 Bxg3
14. hxg3 dxe4 15. Qxe4 f5 16. Qe2 g6 17. Rhe1 Rhe8 18. f4 h6 19. Rh1 Rh8 20.
Rde1 Rde8 21. g4 Rh7 22. Nf3 fxg4 23. Ne5 Nxe5 24. Qxe5 h5 25. g3 Rf7 26.
Qe4 Qf6 27. Qd3 Rh7 28. Rh4 Ree7 29. Re5 Rd7 30. Qe4 Rd6 31. Rb5 c6 32. Rg5
Rg7 33. a4 Rd5 34. Re5 Rxe5 35. dxe5 Qd8 36. Qc4 Qd5 37. Qb4 Rd7 38. Kb1 Qg2
39. Qf8+ Kc7 40. Ka2 Qd5+ 41. Ka3 Qd1 42. Rh2 Qa1+ 43. Kb3 Qg1 44. Rc2 Qxg3
45. Qf6 h4 46. Qxe6 h3 47. Qxg6 Qxf4 48. c4 h2 49. Qh5 Rd3+ 50. Ka2 Rd1 51.
Qxh2 Qxh2 52. Rxh2 Rg1 53. Rh7+ Kd8 54. Rxb7 Re1 55. Rxa7 Rxe5 56. Rg7 Re4
57. Kb3 c5 58. a5 Re3+ 59. Ka4 Rg3 60. a6 Rg1 61. a7 g3 62. a8=Q#
{Black checkmated}
1-0

[Event "ICC tourney 1954 (60 10)"]
[Site "Internet Chess Club"]
[Date "2020.08.07"]
[Round "3"]
[White "CobaltGame"]
[Black "wulovechess"]
[Result "1-0"]
[ICCResult "Black resigns"]
[WhiteElo "1346"]
[BlackElo "1046"]
[Opening "QGD: 6.Nf3"]
[ECO "D55"]
[NIC "QP.08"]
[Time "18:36:22"]
[TimeControl "3600+10"]

1. d4 d5 2. c4 e6 3. Nf3 Nf6 4. Bg5 Be7 5. e3 O-O 6. Nc3 b6 7. cxd5 exd5 8.
h3 Bb7 9. Bd3 Nbd7 10. O-O h6 11. Bf4 Nh5 12. Bh2 c5 13. dxc5 bxc5 14. Bb5
Nb6 15. Re1 Nf6 16. Rc1 Rc8 17. Na4 Nxa4 18. Qxa4 Qb6 19. Bd3 Qxb2 20. Rb1
Qc3 21. Rxb7 Qxd3 22. Rxe7 c4 23. Rd1 Qg6 24. Rxa7 c3 25. Rc1 c2 26. Ne1 Rc4
27. Qb3 Ne4 28. Rxc2 Rfc8 29. Rxc4 Rxc4 30. Rc7 Qe6 31. Rxc4 dxc4 32. Qb8+
Kh7 33. Qe5 Qc6 34. f3 Nd2 35. Qc3 Qd5 36. Be5 f6 37. Bd4 {Black resigns}
1-0

[Event "ICC tourney 1954 (60 10)"]
[Site "Internet Chess Club"]
[Date "2020.08.07"]
[Round "3"]
[White "Remington"]
[Black "GradyL"]
[Result "0-1"]
[ICCResult "White resigns"]
[WhiteElo "725"]
[BlackElo "1092"]
[Opening "Queen's bishop game"]
[ECO "D00"]
[NIC "QP.08"]
[Time "18:35:50"]
[TimeControl "3600+10"]

1. d4 d5 2. Bf4 Nf6 3. Nf3 Nc6 4. e3 Bf5 5. a3 e6 6. Bg5 h6 7. Bh4 Be7 8. c4
dxc4 9. Bxc4 Ne4 10. Bxe7 Qxe7 11. O-O O-O 12. Nbd2 Nxd2 13. Qxd2 Qf6 14.
Ba2 Qg6 15. g3 Bg4 16. Nh4 Qe4 17. f3 Bxf3 18. Nxf3 Rad8 19. Qc3 Rfe8 20.
Nd2 Qg6 21. Rad1 h5 22. Bb1 Qg4 23. Nf3 Rd7 24. Rf2 Ne7 25. Rdf1 f6 26. e4
Ng6 27. e5 f5 28. Kg2 Nf4+ 29. Kh1 Nh3 30. Rd2 c6 31. Bc2 Kf7 32. Bd1 Ng5
33. Nxg5+ Qxg5 34. Kg2 Rh8 35. Kf3 h4 36. Qe3 Qg6 37. Qf4 hxg3 38. hxg3 c5
39. dxc5 Rxd2 40. Qxd2 Qg4+ 41. Kg2 Qh3+ 42. Kf2 Qh2+ 43. Ke1 Qxg3+ 44. Qf2
Qxe5+ 45. Qe2 Qxc5 46. Bb3 Qc1+ 47. Bd1 Qc5 48. Bc2 Qa5+ 49. Kd1 Qd5+ 50.
Kc1 Rc8 51. Kb1 Rc6 52. Qh5+ Kf6 53. Qh4+ Kf7 54. Rg1 Qc5 55. Rg2 Qd5 56.
Qh5+ Kf6 57. Qg6+ Ke5 58. Qxg7+ Kd6 59. Qg6 Rb6 60. Re2 Qh1+ 61. Ka2 Qd5+
62. b3 Ra6 63. Qh6 Kc7 64. Qg7+ Kc6 65. Qc3+ Kb6 66. Qc4 Qxc4 67. bxc4 Kc5
68. Kb3 Kd4 69. Rd2+ Kc5 70. Bd3 Rd6 71. Kc3 b6 72. Rb2 a6 73. Rh2 Kc6 74.
Rh3 b5 75. Rh6 Kc5 76. cxb5 axb5 77. Rh4 Rd5 78. Rb4 Kc6 79. Be2 Rc5+ 80.
Kb2 e5 81. Kb3 e4 82. Rd4 Re5 83. Kb4 f4 84. Bg4 f3 85. Bd7+ Kb6 86. Rd6+
Kc7 87. Re6 Kxd7 88. Rxe5 f2 89. Rf5 e3 90. Kc3 e2 91. Rf7+ Ke6 92. Rxf2
e1=Q+ 93. Rd2 Qe5+ 94. Kd3 Qg3+ 95. Kd4 Qxa3 96. Re2+ Kd6 {White resigns}
0-1

[Event "ICC tourney 1954 (60 10)"]
[Site "Internet Chess Club"]
[Date "2020.08.07"]
[Round "3"]
[White "weheinrich"]
[Black "yashvi"]
[Result "0-1"]
[ICCResult "White resigns"]
[WhiteElo "999"]
[BlackElo "1336"]
[Opening "French: advance, Paulsen attack"]
[ECO "C02"]
[NIC "FR.03"]
[Time "18:36:32"]
[TimeControl "3600+10"]

1. e4 e6 2. d4 d5 3. e5 c5 4. c3 Nc6 5. Nf3 Qb6 6. b3 Nge7 7. Be3 Nf5 8. Bd3
Nxe3 9. fxe3 Be7 10. O-O O-O 11. e4 cxd4 12. exd5 exd5 13. c4 dxc4 14. Bxc4
Bg4 15. Re1 Bb4 16. Re4 Bf5 17. Rf4 Bg6 18. Kf1 Rfe8 19. a3 Bc3 20. Nxc3
dxc3 21. Qe1 Na5 22. Qxc3 Nxc4 23. Rxc4 Red8 24. Rb4 Bd3+ 25. Ke1 Qe3+ 26.
Kd1 Be2+ 27. Kc2 Rac8 28. Rc4 Bd3+ 29. Kb2 Qe2+ 30. Qd2 Qxd2+ 31. Nxd2 Bxc4
32. Nxc4 Rc5 33. Re1 b5 34. Nd6 Rd5 35. Re2 f6 36. Ne4 Rxe5 37. Kc3 f5 38.
Ng3 Rxe2 39. Nxe2 a5 40. Nd4 b4+ 41. axb4 axb4+ 42. Kc4 f4 43. Nf3 Rb8 44.
Ne5 Re8 45. Kd4 Rd8+ 46. Ke4 Rd2 47. Nd3 Rxg2 48. h3 Rg3 49. Nxf4 Rxb3 50.
Kd4 Rb1 51. Kc4 b3 52. Kc3 b2 53. Nd3 Rh1 54. Kxb2 Rxh3 55. Nf4 Rf3 56. Nd5
h5 57. Ne7+ Kf7 {White resigns} 0-1

[Event "ICC tourney 1954 (60 10)"]
[Site "Internet Chess Club"]
[Date "2020.08.07"]
[Round "3"]
[White "potatos22"]
[Black "ChessMstr"]
[Result "0-1"]
[ICCResult "White checkmated"]
[WhiteElo "951"]
[BlackElo "1298"]
[Opening "Caro-Kann: advance variation"]
[ECO "B12"]
[NIC "CK.04"]
[Time "18:35:47"]
[TimeControl "3600+10"]

1. e4 c6 2. d4 d5 3. e5 Bf5 4. Nf3 e6 5. Be2 c5 6. c3 Nc6 7. O-O cxd4 8.
cxd4 Qc7 9. Nc3 a6 10. h3 f6 11. exf6 Nxf6 12. a3 Ne4 13. Bd3 Nxc3 14. bxc3
Bxd3 15. Qxd3 Be7 16. Re1 Qd6 17. Bg5 Kd7 18. Qe3 Bf6 19. Bf4 Qe7 20. Reb1
b5 21. a4 b4 22. cxb4 Nxb4 23. Qc3 a5 24. Qc7+ Ke8 25. Qc3 Kf7 26. Rc1 Rhc8
27. Qd2 Nc6 28. Ra2 Nxd4 29. Nxd4 Rxc1+ 30. Qxc1 Bxd4 31. Rc2 Kg6 32. Qd2 e5
33. Rc6+ Kf7 34. Be3 Bxe3 35. fxe3 Qd7 36. Rc5 Ke6 37. Qc2 Kd6 38. Rb5 g6
39. Qc5+ Ke6 40. Rxa5 Rxa5 41. Qxa5 Qc6 42. Qb4 Qc1+ 43. Kf2 Qc2+ 44. Kf3
e4+ 45. Kg3 Qe2 46. Qb6+ Kf5 47. a5 h5 48. a6 h4+ 49. Kh2 Qf2 50. Qb8 Qxe3
51. Qf8+ Ke5 52. Qf7 Qg3+ 53. Kg1 Qe1+ 54. Qf1 Qe3+ 55. Qf2 Qc1+ 56. Kh2 Qc7
57. a7 Ke6+ 58. g3 hxg3+ 59. Qxg3 Qxa7 60. Qxg6+ Ke5 61. Qg5+ Kd4 62. Qg1+
e3 63. Qd1+ Ke4 64. Qh1+ Ke5 65. h4 Qd4 66. Kg1 Qd1+ 67. Kg2 Qxh1+ 68. Kxh1
e2 69. h5 e1=Q+ 70. Kg2 Qe2+ 71. Kg3 Qxh5 72. Kg2 d4 73. Kf2 Qf5+ 74. Ke2
d3+ 75. Ke1 Ke4 76. Kd2 Qf2+ 77. Kc3 d2 78. Kc2 Ke3 79. Kc3 d1=Q 80. Kb4
Qfc2 81. Kb5 Qdb1+ 82. Ka5 Qca2# {White checkmated} 0-1

[Event "ICC tourney 1954 (60 10)"]
[Site "Internet Chess Club"]
[Date "2020.08.07"]
[Round "3"]
[White "SreeVSundaram"]
[Black "haarim"]
[Result "0-1"]
[ICCResult "White forfeits on time"]
[WhiteElo "627"]
[BlackElo "1128"]
[Opening "QGD semi-Slav"]
[ECO "D43"]
[NIC "SL.06"]
[Time "18:36:13"]
[TimeControl "3600+10"]

1. d4 e6 2. c4 d5 3. Nc3 c6 4. Nf3 Nf6 5. cxd5 cxd5 6. Bg5 Be7 7. e3 h6 8.
Bf4 Nc6 9. Bd3 O-O 10. O-O a6 11. Rc1 Bd6 12. Bxd6 Qxd6 13. Re1 Rd8 14. Qb3
b5 15. Rcd1 Na5 16. Qc2 Bb7 17. e4 dxe4 18. Nxe4 Nxe4 19. Bxe4 Rac8 20. Qb1
Bd5 21. Ne5 Bxe4 22. Qxe4 Nc4 23. Qf4 Nxe5 24. Qxe5 Rc4 25. Qxd6 Rxd6 26.
Re4 f5 27. Rh4 Kh7 28. b3 Rb4 29. Rd3 e5 {White forfeits on time} 0-1

[Event "ICC tourney 1954 (60 10)"]
[Site "Internet Chess Club"]
[Date "2020.08.07"]
[Round "3"]
[White "nathanarnold12"]
[Black "ElaineFan"]
[Result "0-1"]
[ICCResult "White resigns"]
[WhiteElo "1287"]
[BlackElo "1201"]
[Opening "Giuoco Piano"]
[ECO "C50"]
[NIC "IG.02"]
[Time "18:35:44"]
[TimeControl "3600+10"]

1. e4 e5 2. Nf3 Nc6 3. Bc4 Bc5 4. d4 exd4 5. c3 dxc3 6. Bxf7+ Kxf7 7. Qd5+
Ke8 8. Qh5+ g6 9. Qxc5 cxb2 10. Bxb2 Nf6 11. O-O d6 12. Qg5 Rf8 13. Nc3 Be6
14. e5 dxe5 15. Nxe5 Nxe5 16. Qxe5 Kf7 17. Nb5 Bc4 18. Rfd1 Qe7 19. Qxe7+
Kxe7 20. Ba3+ Kf7 21. Bxf8 Bxb5 22. Bh6 Ng4 23. Bf4 Rc8 24. f3 Nf6 25. Rd2
c6 26. Rad1 Nd5 27. Bg5 Bc4 28. a3 Re8 29. Kf2 Re5 30. f4 Re6 31. Re1 Rxe1
32. Kxe1 Ke6 33. Bh6 Bb5 34. g3 Ne3 35. Bg7 Nc4 36. Ra2 a5 37. Bc3 a4 38.
Bb4 Ne3 39. Rd2 Nd5 40. Rd4 b6 41. Re4+ Kf6 42. Bd2 Kf5 43. Re8 Kf6 44. Rb8
Bc4 45. Rb7 h5 46. Ra7 Bb3 47. Kf2 b5 48. Ra6 Ne7 49. Bb4 Bd5 50. Bxe7+ Kxe7
51. Ke3 Kf6 52. Kd4 Bh1 53. Ra7 Bg2 54. Rc7 Kf5 55. Rg7 Kf6 56. Rg8 Bd5 57.
Rd8 Ke7 58. Rxd5 cxd5 59. Kc5 Ke6 60. h3 Kf5 61. Kxd5 b4 62. axb4 a3 63. Kc4
a2 64. Kc5 a1=Q 65. b5 Qa7+ 66. b6 Qb7 67. Kb5 Ke6 68. g4 hxg4 69. hxg4 Kd6
70. f5 gxf5 71. gxf5 Ke5 72. f6 Kxf6 73. Kc5 Ke6 74. Kb5 Kd5 {White resigns}
0-1